 Dungeon Crawl Stone Soup version 0.19.0 (webtiles) character file.

165 0nlyNaCj the Conjurer (level 5, 0/42 HPs)
             Began as a Naga Conjurer on Nov 2, 2016.
             Slain by a quokka (3 damage)
             ... on level 3 of the Dungeon.
             The game lasted 00:04:12 (1542 turns).

0nlyNaCj the Conjurer (Naga Conjurer)               Turns: 1542, Time: 00:04:13

Health: 0/42       AC:  4    Str: 15    XL:     5   Next: 46%
Magic:  0/11       EV: 10    Int: 21    God:
Gold:   72         SH:  0    Dex: 12    Spells: 2 memorised, 9 levels left

rFire  + . .     SeeInvis +     m - +1 dagger (venom)
rCold  . . .     Gourm    .     g - +1 robe {rF+}
rNeg   . . .     Faith    .     (no shield)
rPois  +         Spirit   .     (no helmet)
rElec  .         Reflect  .     (no cloak)
rCorr  .         Harm     .     h - +0 pair of gloves
MR     .....                    (no barding)
Stlth  ++........               (no amulet)
                                (no ring)
                                (no ring)

@: mighty, brilliant, short of breath, very slow
A: see invisible, deformed body, poison resistance, slowness 2, slow metabolism
1, spit poison 1, AC +1
a: Spit Poison


You were on level 3 of the Dungeon.
You were hungry.

You visited 1 branch of the dungeon, and saw 3 of its levels.

You collected 72 gold pieces.

Inventory:

Hand Weapons
 m - a +1 dagger of venom (weapon)
Armour
 a - a +0 robe
 g - a +1 robe of fire resistance (worn)
 h - a +0 pair of gloves (worn)
Scrolls
 d - 3 scrolls of remove curse {unknown}
 e - 4 scrolls of identify {unknown}
 i - a scroll of enchant weapon {unknown}
 k - 4 scrolls of recharging {unknown}
 l - a scroll of fear {unknown}
 s - a scroll of immolation {unknown}
Potions
 f - a potion of resistance {unknown}
 j - a potion of lignification {unknown}
 n - a potion of curing
 p - a potion of might
 q - a potion of heal wounds {unknown}
 t - a potion of degeneration {unknown}
Books
 b - a book of Conjurations

   Spells                             Type                      Level
   a - Magic Dart                     Conjuration                  1
   b - Searing Ray                    Conjuration                  2
   c - Dazzling Spray                 Conjuration/Hexes            3
   d - Fulminant Prism                Conjuration/Hexes            4
   e - Iskenderun's Mystic Blast      Conjuration                  4
   f - Iskenderun's Battlesphere      Conjuration/Charms           5
Comestibles
 c - 3 bread rations
 r - 6 chunks of flesh


   Skills:
 - Level 1.5 Dodging
 - Level 3.0 Stealth
 * Level 4.3 Spellcasting
 + Level 4.9 Conjurations


You had 9 spell levels left.
You knew the following spells:

 Your Spells              Type           Power        Failure   Level  Hunger
a - Magic Dart            Conj           ####         1%          1    None
b - Searing Ray           Conj           #####.       1%          2    #......


Dungeon Overview and Level Annotations

Branches:
Dungeon (3/15)

Altars:
Sif Muna


Innate Abilities, Weirdness & Mutations

You cannot wear boots.
Your serpentine skin is tough. (AC +1)
You have supernaturally acute eyesight. (SInv)
Armour fits poorly on your strangely shaped body.
Your system is resistant to poisons. (rPois)
You cover ground very slowly.
You have a slow metabolism.
You can spit poison.


Message History

Aim: an orc, wearing a leather armour (moderately wounded, poisoned)
The searing ray hits the orc.
The orc is moderately wounded.
The quokka barely misses you.
The orc hits you from afar with a trident.
* * * LOW HITPOINT WARNING * * *
The orc barely misses you. The quokka barely misses you.
The searing ray hits the orc.
You kill the orc!
The quokka barely misses you. The orc barely misses you.
Press: ? - help, Shift-Dir - straight line, f - quokka
Aim: a quokka The splash of poison misses the quokka.
You feel slightly more hungry. The quokka bites you.
* * * LOW HITPOINT WARNING * * *
The orc closely misses you.
You hit the quokka.
The quokka is almost dead.
The quokka bites you.
You die...

#....# #.#. #.#
####...)..... ##..#
#.#.###.# #............
.....#.####............
#.#.#..............[..
#.....................
#..............(....
#.......#####.......
+..r....# ########
#o[@....#
.......)...>.#
..###.....#### #.....#
#.....# #.....# +.....#
.....<#


You could see an orc and a quokka.

Vanquished Creatures
  2 orc priests (D:3)
  3 adders (D:3)
  2 worms (D:3)
  2 dart slugs
  8 orcs (D:3)
  6 bats
  7 giant cockroaches
  8 goblins
  7 hobgoblins
  2 jackals (D:1)
  A ball python (D:3)
  3 frilled lizards
  4 kobolds
  6 rats
61 creatures vanquished.

Notes
Turn   | Place    | Note
-------+----------+-------------------------------------------
     0 | D:1      | 0nlyNaCj the Naga Conjurer began the quest for the Orb.
     0 | D:1      | Reached XP level 1. HP: 15/15 MP: 3/3
   160 | D:1      | Reached XP level 2. HP: 21/22 MP: 0/5
   398 | D:1      | Reached XP level 3. HP: 26/28 MP: 0/7
   402 | D:1      | Learned a level 2 spell: Searing Ray
   794 | D:2      | Found a deep blue altar of Sif Muna.
  1296 | D:3      | Reached XP level 4. HP: 35/36 MP: 3/9
  1417 | D:3      | Reached XP level 5. HP: 39/42 MP: 5/10
  1542 | D:3      | Slain by a quokka

Skill      XL: |  1  2  3  4  5 |
---------------+----------------+-----
Spellcasting   | 3 4 |  4.3
Dodging        | |  1.5
Stealth        | |  3.0
Conjurations   | |  4.9

Action                   |  1- 3 |  4- 6 || total
-------------------------+-------+-------++-------
Melee: Unarmed           |     8 |       ||     8
       Dagger            |    14 |    35 ||    49
 Cast: Magic Dart        |    30 |     7 ||    37
       Searing Ray       |     1 |     5 ||     6
 Abil: Spit Poison       |    27 |     6 ||    33
  Use: Potion            |       |     3 ||     3
 Stab: Sleeping          |     5 |     2 ||     7
  Eat: Chunk             |     2 |     1 ||     3
Armor: Robe              |    11 |    16 ||    27
Dodge: Dodged            |    26 |    36 ||    62
